 Dungeon Crawl Stone Soup version 0.25-a0-435-g4b9beb1024 (webtiles) character file.

Game seed: 11054290043836288489, levelgen mode: deterministic

1608640 nuthulu the Hoplite (level 27, 169/191 HPs)
             Began as a Gargoyle Fighter on Jan 29, 2020.
             Was the Champion of Okawaru.
             Escaped with the Orb
             ... and 3 runes!
             The game lasted 02:34:54 (80135 turns).

nuthulu the Hoplite (Gargoyle Fighter)             Turns: 80135, Time: 02:34:55

Health: 169/191    AC: 58    Str: 27 (28) XL:     27
Magic:  28/28      EV: 23    Int: 15      God:    Okawaru [******]
Gold:   4013       SH: 32    Dex: 23      Spells: 26/26 levels left

rFire    + + +     SeeInvis +   y - +9 eveningstar "Hunos" {vorpal, Int+3}
rCold    + + +     Gourm    +   o - +5 large shield {rF+}
rNeg     + + +     Faith    .   e - +2 gold dragon scales
rPois    ∞         Spirit   +   W - +2 hat of the Bear Spirit {Spirit, +Rage rN+ MR++}
rElec    +         Reflect  .   E - +1 cloak of Starlight {rElec rC+ EV+4 Stlth--}
rCorr    .         Harm     .   K - +1 pair of gloves {Dex+3}
MR       ++++.     Rnd*Rage +   P - +2 pair of boots {run}
Stlth    ..........             G - amulet "Orof" {Gourm rN+ Dex+5}
HPRegen  0.41/turn              O - ring of Foolhardiness {rPois Int+2 SInv}
MPRegen  0.21/turn              R - ring of protection from fire

@: quick
A: big wings, agile 1, berserk 1, cold resistance 1, deterioration 1, low mp 2,
negative energy resistance 1, electricity resistance, unbreathing, petrification
resistance, rot immunity, subdued magic 1, AC +20
0: Orb of Zot
}: 3/15 runes: barnacled, silver, gossamer
a: Fly, Heroism, Finesse, Renounce Religion, Evoke Berserk Rage


You escaped.
You worshipped Okawaru.
Okawaru was exalted by your worship.
You were not hungry.

You visited 8 branches of the dungeon, and saw 46 of its levels.
You visited 1 bazaar.
You also visited: Desolation.

You collected 6682 gold pieces.
You spent 2669 gold pieces at shops.

Inventory:

Hand Weapons
 y - the +9 eveningstar "Hunos" (weapon) {vorpal, Int+3}
   (You acquired it on level 3 of the Depths)

   It inflicts extra damage upon your enemies.
   It affects your intelligence (+3).
Armour
 e - +2 gold dragon scales (worn)
 n - the +2 cloak of Calculation {rC- Regen+ Int+4 Dex+5}
   (Okawaru gifted it to you on level 1 of the Spider Nest)

   It affects your intelligence (+4).
   It affects your dexterity (+5).
   It makes you vulnerable to cold.
   It increases your rate of regeneration.
   If you switch to wearing this armour, your AC will rise 1 point (58 -> 59)
 o - a +5 large shield of fire resistance (worn)
 x - the +9 plate armour of Starshine {MR+ Int+3 Stlth-}
   (You found it in the Desolation of Salt)

   It affects your intelligence (+3).
   It affects your resistance to hostile enchantments.
   It makes you less stealthy.
   If you switch to wearing this armour, your AC will rise 3 points (58 -> 61)
 E - the +1 cloak of Starlight (worn) {rElec rC+ EV+4 Stlth--}
   (You found it on level 4 of the Depths)

   It affects your evasion (+4).
   It protects you from cold.
   It insulates you from electricity.
   It makes you much less stealthy.
   If you remove this armour, your AC will fall 3 points (58 -> 55)
 K - a +1 pair of gloves of dexterity (worn)
 L - the +4 cloak of Beauty {Dex+6}
   (Okawaru gifted it to you on level 3 of the Shoals)

   It affects your dexterity (+6).
   If you switch to wearing this armour, your AC will rise 3 points (58 -> 61)
 P - a +2 pair of boots of running (worn)
 W - the +2 hat of the Bear Spirit (worn) {Spirit, +Rage rN+ MR++}
   (You bought it in a shop on level 2 of the Orcish Mines)

   It protects you from negative energy.
   It affects your resistance to hostile enchantments.
   It lets you go berserk.
   If you remove this armour, your AC will fall 2 points (58 -> 56)
 Z - the +10 large shield of Ignorance {rN+ Int-4}
   (You found it on level 2 of the Orcish Mines)

   It affects your intelligence (-4).
   It protects you from negative energy.
   If you switch to wearing this armour, your AC will rise 0 points (58 -> 58)
Jewellery
 c - the ring "Cusch" {Fire SInv}
   (You found it on level 4 of the Spider Nest)

   [ring of fire]

   It enhances your fire magic.
   It protects you from fire.
   It makes you vulnerable to cold.
   It lets you see invisible.
 u - an uncursed amulet of magic regeneration
 G - the amulet "Orof" (around neck) {Gourm rN+ Dex+5}
   (You found it on level 4 of the Shoals)

   [amulet of the gourmand]

   It allows you to eat raw meat even when not hungry.
   It affects your dexterity (+5).
   It protects you from negative energy.
 O - the ring of Foolhardiness (left hand) {rPois Int+2 SInv}
   (You took it off an imperial myrmidon in the Desolation of Salt)

   [ring of see invisible]

   It affects your intelligence (+2).
   It protects you from poison.
   It lets you see invisible.
 R - a ring of protection from fire (right hand)
 S - the ring of Yendor {rPois rCorr Str+3 Int+4}
   (You found it on level 4 of the Shoals)

   [ring of resist corrosion]

   It affects your strength (+3).
   It affects your intelligence (+4).
   It protects you from poison.
   It provides partial protection from all sources of acid and corrosion.
Wands
 a - a wand of clouds (6)
 b - a wand of paralysis (26)
 g - a wand of digging (4)
 j - a wand of disintegration (26)
 v - a wand of random effects (60)
 w - a wand of iceblast (17)
 z - a wand of flame (53)
 B - a wand of polymorph (15)
 J - a wand of acid (45)
 V - a wand of scattershot (7)
Scrolls
 d - 5 scrolls of magic mapping
 i - 5 scrolls of identify
 l - 18 scrolls of teleportation
 m - 29 scrolls of remove curse
 s - 2 scrolls of fog
 A - 2 scrolls of holy word
 F - 4 scrolls of enchant weapon
 H - 2 scrolls of summoning
 M - 5 scrolls of amnesia
 Q - 3 scrolls of blinking
 U - 4 scrolls of brand weapon
 X - 5 scrolls of fear
Potions
 h - 3 potions of magic
 k - 2 potions of brilliance
 p - 5 potions of agility
 q - 5 potions of might
 r - 8 potions of lignification
 t - 5 potions of curing
 C - 5 potions of cancellation
 I - 5 potions of ambrosia
 N - 4 potions of haste
 T - 2 potions of berserk rage
Comestibles
 f - 58 rations


   Skills:
 * Level 24.3 Fighting
 - Level 16.0 Maces & Flails
 - Level 22.0 Armour
 + Level 17.8 Dodging
 - Level 25.0 Shields
 - Level 16.4 Invocations


You had 26 spell levels left.
You didn't know any spells.
Your spell library contained the following spells:

 Spells                   Type           Power        Failure   Level  Hunger
 Animate Skeleton         Necr           N/A          94%         1    ##.....
 Apportation              Tloc           #.....       94%         1    ##.....
 Corona                   Hex            #......      94%         1    ##.....
 Foxfire                  Conj/Fire      #...         94%         1    ##.....
 Pain                     Necr           #...         94%         1    ##.....
 Sandblast                Erth           #.....       94%         1    ##.....
 Shock                    Conj/Air       #...         94%         1    ##.....
 Summon Small Mammal      Summ           #...         94%         1    ##.....
 Call Imp                 Summ           #.......     98%         2    ###....
 Corpse Rot               Necr/Air       N/A          98%         2    ###....
 Passwall                 Tmut/Erth      #.......     98%         2    ###....
 Poisonous Vapours        Pois/Air       #.....       98%         2    ###....
 Swiftness                Chrm/Air       #.......     98%         2    ###....
 Call Canine Familiar     Summ           #.......     100%        3    ####...
 Confusing Touch          Hex            #.......     100%        3    ####...
 Conjure Flame            Conj/Fire      #.......     100%        3    ####...
 Gell's Gravitas          Tloc           #.........   100%        3    ####...
 Inner Flame              Hex/Fire       #.......     100%        3    ####...
 Mephitic Cloud           Conj/Pois/Air  #.......     100%        3    ####...
 Portal Projectile        Hex/Tloc       #.....       100%        3    ####...
 Recall                   Summ/Tloc      N/A          100%        3    ####...
 Static Discharge         Conj/Air       #.......     100%        3    ####...
 Stone Arrow              Conj/Erth      #.....       100%        3    ####...
 Summon Guardian Golem    Hex/Summ       #.......     100%        3    ####...
 Vampiric Draining        Necr           #.........   100%        3    ####...
 Airstrike                Air            #.........   100%        4    #####..
 Animate Dead             Necr           N/A          100%        4    #####..
 Cause Fear               Hex            #.........   100%        4    #####..
 Ice Form                 Ice/Tmut       #.......     100%        4    #####..
 Petrify                  Tmut/Erth      #.......     100%        4    #####..
 Sticky Flame             Conj/Fire      #.......     100%        4    #####..
 Summon Ice Beast         Ice/Summ       #.......     100%        4    #####..
 Summon Lightning Spire   Summ/Air       #.......     100%        4    #####..
 Fireball                 Conj/Fire      #.........   100%        5    ######.
 Lee's Rapid Deconstruct  Erth           #.........   100%        5    ######.
 Lightning Bolt           Conj/Air       #.........   100%        5    ######.
 Metabolic Englaciation   Hex/Ice        #.........   100%        5    ######.
 Silence                  Hex/Air        #.........   100%        5    ######.
 Summon Forest            Summ/Tloc      #.........   100%        5    ######.
 Summon Mana Viper        Hex/Summ       #.......     100%        5    ######.
 Yara's Violent Unravell  Hex/Tmut       #.........   100%        5    ######.
 Deflect Missiles         Chrm/Air       #.........   100%        6    #######
 Dispersal                Tloc           #.........   100%        6    #######
 Freezing Cloud           Conj/Ice/Air   #.........   100%        6    #######
 Ozocubu's Refrigeration  Ice            #.........   100%        6    #######
 Simulacrum               Ice/Necr       #.........   100%        6    #######
 Dragon Form              Tmut           #.........   100%        7    #######
 Malign Gateway           Summ/Tloc      #.........   100%        7    #######
 Monstrous Menagerie      Summ           #.........   100%        7    #######
 Ring of Flames           Chrm/Fire      #.........   100%        7    #######
 Spellforged Servitor     Conj/Summ      #.........   100%        7    #######
 Summon Greater Demon     Summ           #.........   100%        7    #######
 Controlled Blink         Tloc           N/A          100%        8    #######
 Discord                  Hex            #.........   100%        8    #######
 Disjunction              Tloc           #.........   100%        8    #######
 Ignition                 Fire           #.........   100%        8    #######
 Summon Horrible Things   Summ           #.........   100%        8    #######
 Dragon's Call            Summ           #.........   100%        9    #######
 Sublimation of Blood     Necr           Unusable     N/A         2    N/A

Dungeon Overview and Level Annotations

Branches:
Dungeon (15/15)            Temple (0/1) D:7            Lair (6/6) D:8
 Shoals (4/4) Lair:4       Spider (4/4) Lair:2        Slime (0/5) Lair:5
    Orc (2/2) D:10            Elf (0/3) Orc:2        Vaults (5/5) D:13
  Crypt (0/3) Vaults:3     Depths (5/5) D:15            Zot (5/5) Depths:5
Desolation (visited)

Altars:
Ashenzari
Dithmenos
Elyvilon
Gozag
Hepliaklqana
Kikubaaqudgha
Makhleb
Nemelex Xobeh
Okawaru
Qazlal
Sif Muna
Uskayaw
Vehumet
Wu Jian
Xom
Yredelemnul
Zin
Jiyva

Shops:
D:6 :   D:8 ?   D:13 %   Orc:1 :   Orc:2 :*%*![*   Vaults:1 *   Vaults:2 :
Vaults:3 *   Vaults:4 ?*[   Zot:4 *   Depths:1 [

Portals:
Hell: Depths:1 Depths:2 Depths:3 Depths:4
Abyss: Depths:3 Depths:4 Depths:5
Pandemonium: Depths:1 Depths:2 Depths:3
Ziggurat: Depths:1
Trove: Depths:1 (give +3 ice dragon scales)

Annotations:
Depths:3 1 transporter
Zot:4 3 runed translucent doors, exclusion: obsidian statue, Utokkay's ghost, master VSFi


Innate Abilities, Weirdness & Mutations

You are resistant to torment.
Your stone body is resilient. (AC +20)
You are immune to poison.
Your large and strong wings let you fly indefinitely.
You resist negative energy. (rN+)
You are resistant to electric shocks. (rElec)
You can survive without breathing.
You are immune to petrification.
You are immune to rotting.
You are agile. (Dex +2)
You tend to lose your temper in combat.
Your flesh is cold resistant. (rC+)
Your body sometimes deteriorates upon taking damage.
Your magical capacity is very low. (-20% MP)
Your spells are a little easier to cast, but a little less powerful.


Message History

You block the hell beast's attack. x2
Your gold dragon scales prevents you from hitting the hell beast.
The hell beast is moderately wounded.
You block the hell beast's attack. x2
You puncture the hell beast!
The hell beast is heavily wounded.
You block the hell beast's attack. x3
The hell beast tramples you but does no damage.
You closely miss the hell beast.
The hell beast is heavily wounded.
You block the hell beast's attack. x2
You stick the hell beast like a pincushion!!!
You kill the hell beast!
Okawaru accepts your kill.
You bludgeon the plant!!
The plant is heavily damaged.
You hit the plant.
The plant is heavily damaged.
There is a staircase leading out of the dungeon here.
You have escaped!

# #.......###############...###(.
# #########P≈≈≈≈≈≈≈≈≈P.......)###
# #.P≈≈≈≈≈≈≈P.#.#...#.# #
#..P≈≈≈≈≈P..#.#...#.# #
#...P≈≈≈P...#.....#.# #
###....P≈P....#..##.#.#
#########.......P.....#....)..#
..............................#
##########......@..........##.###
##.(.........#..#.......
#.....P.....#..####.###
#....P≈P....#..####.# #
#...P≈≈≈P...#>......# #
#..P≈≈≈≈≈P..####.#### #
#.P≈≈≈≈≈≈≈P.#.......# #
#P≈≈≈≈≈≈≈≈≈P........# #
############........# #


There were no monsters in sight!

Vanquished Creatures
  4 orbs of fire
  Mara (Depths:3)
  5 ancient liches
  Sojobo (Depths:4)
  Frederick (Vaults:2)
  4 Killer Klowns
  A curse toe (Zot:3)
  8 caustic shrikes
  Saint Roka (Orc:2)
  12 golden dragons
  Jory (Depths:3)
  the Enchantress (Depths:2)
  Arachne (Spider:4)
  2 electric golems
  A Tzitzimitl (Zot:1)
  An Ice Fiend (D:3)
  A Hell Sentinel (D:9)
  20 Orb Guardians
  6 liches
  3 titans
  12 tentacled monstrosities
  6 quicksilver dragons
  5 death cobs
  A kraken (Shoals:2)
  4 sphinxes
  2 Executioners
  The ghost of Kuhum the Severer, an adept DDFi of Makhleb (Spider:4)
  6 tengu reavers
  7 shadow dragons
  Roxanne (Shoals:1)
  8 draconian monks
  2 warmongers (D:11)
  15 storm dragons
  16 frost giants
  8 fire giants
  A draconian scorcher (Zot:4)
  18 vault wardens
  3 deep elf sorcerers
  5 draconian knights
  Louise (Shoals:4)
  4 emperor scorpions
  A deep elf elementalist (Vaults:5)
  2 imperial myrmidons (Desolation)
  4 iron dragons
  The ghost of Syvvoagh the Eclecticist, an adept DENe of Kikubaaqudgha (Vaults:3)
  2 draconian stormcallers
  8 ghost moths
  21 very ugly things
  6 draconian annihilators
  3 spriggan defenders (Depths:2)
  A reaper (D:3)
  4 war gargoyles
  16 entropy weavers
  19 ironheart preservers
  18 stone giants
  9 green draconians
  2 lorocyprocas
  4 vampire knights
  15 yellow draconians
  10 black draconians
  9 purple draconians
  5 white draconians
  5 red draconians
  5 dire elephants (Lair:6)
  5 spark wasps
  A green death (Depths:2)
  2 halazid warlocks (Desolation)
  3 crystal guardians (Desolation)
  3 merfolk javelineers
  11 merfolk impalers
  9 fire dragons
  17 ettins
  24 yaktaur captains
  19 ogre magi
  7 ragged hierophants (Desolation)
  7 great orbs of eyes
  A monstrous demonspawn (Depths:2)
  3 deep elf high priests (Vaults:5)
  13 ice dragons
  7 servants of whispers (Desolation)
  A rakshasa (Depths:4)
  2 hell beasts
  4 spriggan air magi
  32 vault guards
  10 hydras
  6 merfolk aquamancers
  A catoblepas (D:11)
  11 centaur warriors
  67 two-headed ogres
  6 peacekeepers (Desolation)
  An alligator snapping turtle (Shoals:4)
  An alligator (shapeshifter) (Depths:2)
  An anaconda (Lair:6)
  2 death knights (Vaults:3)
  3 merfolk avatars
  A queen ant (shapeshifter) (Depths:4)
  A satyr (Shoals:3)
  2 dancing weapons
  9 death yaks (Lair:6)
  12 deep troll earth magi
  A queen ant (Spider:3)
  The ghost of Zenonira the Basher, a novice NaGl of Cheibriados (D:9)
  17 deep troll shamans
  2 spriggan berserkers
  A vampire mage (Depths:4)
  6 tengu warriors
  A hell knight (Depths:5)
  13 deep elf knights
  4 iron trolls
  2 soul eaters
  Nergalle (D:12)
  5 skeletal warriors
  A fire crab (Lair:6)
  A fire crab (shapeshifter) (D:13)
  3 large abominations
  A sea snake (shapeshifter) (Vaults:4)
  10 sea snakes
  6 glowing orange brains
  2 shadow wraiths
  A flayed ghost (Depths:1)
  A torturous demonspawn (Depths:1)
  5 wizards
  A lindwurm (Lair:6)
  34 deep trolls
  4 orange crystal statues (Orc:2)
  4 phantasmal warriors
  A mana viper (shapeshifter) (Vaults:4)
  22 ironbrand convokers
  An obsidian statue (Vaults:3)
  23 harpies
  A harpy (shapeshifter) (Vaults:2)
  8 orc knights
  A fire giant zombie (Vaults:5)
  16 orb spiders
  2 orc sorcerers
  28 wolf spiders
  9 deep elf magi
  A necromancer (Vaults:5)
  9 cyclopes
  2 fauns (Shoals:2)
  A cyclops (shapeshifter) (Vaults:3)
  50 ugly things
  A salamander (shapeshifter) (Depths:3)
  14 moths of wrath
  14 manticores
  4 elephants (Lair:6)
  6 guardian serpents (Desolation)
  2 torpor snails (shapeshifter)
  5 merfolk sirens
  A guardian serpent (shapeshifter) (D:15)
  6 black mambas
  A water nymph (shapeshifter) (D:15)
  A molten gargoyle (Desolation)
  Maurice (Orc:1)
  2 smoke demons
  6 water nymphs
  2 torpor snails
  11 spiny frogs
  A gargoyle (D:14)
  16 vault sentinels
  A spiny frog (shapeshifter) (D:14)
  A hellion (Depths:1)
  2 rime drakes
  9 komodo dragons
  2 human zombies (Vaults:5)
  6 freezing wraiths
  11 demonic crawlers
  3 ice devils
  66 yaktaurs
  A tormentor (Depths:1)
  A komodo dragon (shapeshifter) (D:15)
  A polar bear (shapeshifter) (Vaults:2)
  A red devil (Depths:1)
  A hellwing (Depths:1)
  A queen bee (Lair:4)
  34 merfolk
  9 meliai
  A yaktaur skeleton (Vaults:5)
  33 jumping spiders
  3 polar bears
  4 trolls
  7 wind drakes
  A hornet (shapeshifter) (Vaults:3)
  A meliai (shapeshifter) (D:15)
  63 saltlings (Desolation)
  9 hornets
  A queen bee (shapeshifter) (Vaults:3)
  A slime creature (shapeshifter) (Depths:1)
  A frost giant simulacrum (Vaults:3)
  17 snapping turtles
  8 dream sheep
  10 blink frogs (Lair:3)
  33 slime creatures
  9 hippogriffs
  A redback (shapeshifter) (Depths:3)
  Sigmund (D:4)
  36 tarantellas
  2 spriggans
  19 water elementals
  4 wraiths
  2 shadows
  75 redbacks
  52 yaks
  4 ynoxinuls
  2 chaos spawn
  4 wyverns
  A neqoxec (Depths:2)
  4 hogs (D:10)
  A human (D:10)
  2 basilisks (shapeshifter)
  5 basilisks
  A golden eye (shapeshifter) (Vaults:4)
  4 vampire mosquitoes
  3 hungry ghosts
  A yaktaur simulacrum (Vaults:5)
  7 wargs
  8 soldier ants (Spider:3)
  3 acid dragons
  A harpy simulacrum (Vaults:1)
  A soldier ant (shapeshifter) (Vaults:1)
  14 water moccasins
  2 hell hounds (Lair:5)
  A floating eye (shapeshifter) (Depths:1)
  7 porcupines
  Purgy (D:3)
  34 orc warriors
  4 black bears
  An eye of draining (D:15)
  3 phantoms
  A black bear (shapeshifter) (Vaults:5)
  4 sky beasts
  3 ice beasts
  8 boggarts
  A tengu (shapeshifter) (D:15)
  3 wolves (Lair:2)
  A hornet zombie (D:13)
  70 ogres
  10 centaurs
  2 eyes of draining (shapeshifter)
  17 crocodiles
  A big kobold (D:14)
  22 bullfrogs
  A wyvern skeleton (D:15)
  5 scorpions
  31 killer bees
  13 wights
  8 electric eels
  3 howler monkeys
  6 centaur zombies
  7 crimson imps
  6 jellies
  4 bullfrog zombies
  5 quasits
  27 orc priests
  5 hounds
  4 centaur skeletons
  23 orc wizards
  3 iron imps
  Jessica (D:2)
  3 bullfrog skeletons
  10 iguanas
  20 worker ants
  A hound zombie (D:5)
  5 hound skeletons
  A howler monkey zombie (D:6)
  3 worker ant zombies
  6 gnolls
  22 adders
  7 shadow imps
  2 white imps
  An ufetubus (Depths:1)
  An ooze (D:2)
  2 adder zombies (D:5)
  A worm (D:5)
  5 dart slugs
  6 leopard geckos
  104 orcs
  9 giant cockroaches
  12 goblins
  14 hobgoblins
  15 jackals
  14 kobolds
  7 quokkas
  5 ball pythons
  10 bats
  9 frilled lizards
  A leopard gecko zombie (D:5)
  A quokka skeleton (D:4)
  4 quokka zombies
  14 rats
  4 fungi
  3 plants
  2 tentacles (Shoals:2)
2355 creatures vanquished.

Vanquished Creatures (others)
  A deep elf sorcerer (Vaults:5)
  A frost giant (Vaults:4)
  A yellow draconian (Zot:4)
  An ironbrand convoker (Vaults:3)
  A jumping spider (Spider:1)
  A tarantella (Spider:1)
  2 ogres
  A boggart (Vaults:2)
  An ufetubus (Depths:3)
  An orc (Vaults:5)
  14 fungi
  17 plants
  3 tentacles (Shoals:2)
45 creatures vanquished.

Grand Total: 2400 creatures vanquished

Notes
Turn   | Place    | Note
-------+----------+-------------------------------------------
     0 | D:1      | nuthulu the Gargoyle Fighter began the quest for the Orb.
     0 | D:1      | Reached XP level 1. HP: 14/14 MP: 1/1
    74 | D:1      | Reached XP level 2. HP: 19/19 MP: 2/2
   343 | D:1      | Reached XP level 3. HP: 21/23 MP: 3/3
   351 | D:1      | Reached skill level 4 in Shields
   981 | D:2      | Reached XP level 4. HP: 18/28 MP: 4/4
  1267 | D:2      | Noticed Jessica
  1295 | D:2      | Killed Jessica
  1295 | D:2      | Reached XP level 5. HP: 32/32 MP: 5/5
  1553 | D:2      | Found a hazy altar of Hepliaklqana.
  1629 | D:2      | Reached skill level 5 in Shields
  2755 | D:3      | Reached XP level 6. HP: 35/37 MP: 6/6
  2783 | D:3      | Noticed Purgy
  2825 | D:3      | Killed Purgy
  2825 | D:3      | Reached skill level 5 in Maces & Flails
  2825 | D:3      | Reached skill level 6 in Shields
  3300 | D:4      | Reached XP level 7. HP: 27/41 MP: 7/7
  3461 | D:4      | Found a sparkling altar of Nemelex Xobeh.
  3816 | D:4      | Noticed Sigmund
  4057 | D:4      | Killed Sigmund
  4057 | D:4      | Reached skill level 7 in Shields
  4291 | D:4      | Found a glowing silver altar of Zin.
  4512 | D:4      | Found an iron altar of Okawaru.
  4515 | D:4      | Became a worshipper of Warmaster Okawaru
  4821 | D:5      | Entered Level 5 of the Dungeon
  4890 | D:5      | Reached XP level 8. HP: 33/46 MP: 8/8
  5020 | D:5      | Found a shimmering altar of Xom.
  5036 | D:5      | Found a white marble altar of Elyvilon.
  5040 | D:5      | Found a hide-covered altar of Uskayaw.
  5198 | D:5      | Reached skill level 8 in Shields
  5356 | D:5      | Reached * piety under Okawaru
  6227 | D:6      | Reached skill level 9 in Shields
  6314 | D:6      | Found Coenny's Book Shop.
  6379 | D:6      | Found a stormy altar of Qazlal.
  6399 | D:6      | Reached XP level 9. HP: 44/51 MP: 9/9
  6847 | D:6      | Reached ** piety under Okawaru
  7078 | D:6      | Reached skill level 10 in Shields
  7086 | D:6      | Gained mutation: You expend magic power (3 MP) to
                  | strengthen your wands. [potion of mutation]
  7086 | D:6      | Gained mutation: You have a somewhat thin skeletal
                  | structure. (Dex +2, Stealth) [potion of mutation]
  7410 | D:6      | Found a radiant altar of Vehumet.
  7410 | D:6      | Found an ancient bone altar of Kikubaaqudgha.
  7411 | D:6      | Found a shimmering blue altar of Sif Muna.
  7466 | D:6      | Identified Kikubaaqudgha's Collected Works on Necromancy
  7768 | D:7      | Reached *** piety under Okawaru
  7891 | D:7      | Found a radiant altar of Vehumet.
  8119 | D:7      | Reached skill level 11 in Shields
  8119 | D:7      | Reached XP level 10. HP: 51/56 MP: 10/10
  8156 | D:7      | Reached skill level 10 in Maces & Flails
  8330 | D:7      | Noticed a two-headed ogre
  8350 | D:7      | Killed a two-headed ogre
  8350 | D:7      | Reached **** piety under Okawaru
  8362 | D:7      | Found a staircase to the Ecumenical Temple.
  8608 | D:8      | Found Jinwud's Magic Scroll Shoppe.
  8638 | D:8      | Bought a scroll of identify for 28 gold pieces
  8638 | D:8      | Bought a scroll of identify for 28 gold pieces
  9150 | D:8      | Reached skill level 5 in Fighting
  9190 | D:8      | Found a staircase to the Lair.
  9307 | D:8      | Bought a scroll of enchant weapon for 105 gold pieces
  9307 | D:8      | Bought a scroll of enchant weapon for 105 gold pieces
  9434 | D:9      | Found a basalt altar of Yredelemnul.
  9729 | D:9      | Reached ***** piety under Okawaru
  9837 | D:9      | Found a shadowy altar of Dithmenos.
 10276 | D:9      | Found a runed translucent door.
 10279 | D:9      | Found a shimmering altar of Xom.
 10279 | D:9      | Noticed Zenonira's ghost (novice NaGl)
 10279 | D:9      | Noticed a +0 hand axe of chaos
 10290 | D:9      | Found a burning altar of Makhleb.
 10290 | D:9      | Noticed a balrug
 10522 | D:10     | Entered Level 10 of the Dungeon
 10858 | D:10     | Reached skill level 5 in Invocations
 11010 | D:10     | Reached XP level 11. HP: 59/66 MP: 14/14
 11108 | D:10     | Found a staircase to the Orcish Mines.
 11130 | D:10     | Received a gift from Okawaru
 11710 | Lair:1   | Entered Level 1 of the Lair of Beasts
 11725 | Lair:1   | Noticed a seven-headed hydra
 11742 | Lair:1   | Killed a seven-headed hydra
 11898 | Lair:1   | Noticed a six-headed hydra
 11935 | Lair:1   | Killed a six-headed hydra
 11945 | Lair:1   | Received a gift from Okawaru
 13175 | Lair:2   | Noticed a six-headed hydra
 13184 | Lair:2   | Killed a six-headed hydra
 13184 | Lair:2   | Reached XP level 12. HP: 61/76 MP: 18/18
 13440 | Lair:2   | Noticed an eight-headed hydra
 13514 | Lair:2   | Killed an eight-headed hydra
 13936 | Lair:2   | Received a gift from Okawaru
 14007 | Lair:2   | Found a hole to the Spider Nest.
 14370 | Lair:2   | Reached skill level 10 in Fighting
 15103 | Spider:1 | Entered Level 1 of the Spider Nest
 15173 | Lair:3   | You fall into a shaft and drop 3 floors!
 15173 | Lair:6   | Entered Level 6 of the Lair of Beasts
 15270 | Lair:6   | Noticed a death yak
 15271 | Lair:6   | Noticed a death yak
 15359 | Lair:6   | Reached skill level 10 in Invocations
 15802 | Lair:6   | Received a gift from Okawaru
 15897 | Lair:6   | Noticed a death yak
 15963 | Lair:6   | Killed a death yak
 15967 | Lair:6   | Reached XP level 13. HP: 53/84 MP: 13/20
 16392 | Lair:5   | Found a viscous altar of Jiyva.
 16392 | Lair:5   | Found a staircase to the Slime Pits.
 16575 | Lair:4   | Found a staircase to the Shoals.
 16651 | Lair:4   | You fall into a shaft and drop 2 floors!
 19002 | Lair:4   | Received a gift from Okawaru
 20057 | Lair:6   | Reached skill level 5 in Armour
 20158 | Lair:6   | Gained mutation: Your large and strong wings let you fly
                  | indefinitely. [Gargoyle growth]
 20158 | Lair:6   | Reached XP level 14. HP: 75/92 MP: 23/23
 20381 | Lair:6   | Received a gift from Okawaru
 21002 | Lair:6   | Noticed a dire elephant
 21002 | Lair:6   | Noticed a dire elephant
 21010 | Lair:6   | Noticed a dire elephant
 21036 | Lair:6   | Killed a dire elephant
 21041 | Lair:6   | Killed a dire elephant
 21052 | Lair:6   | Killed a dire elephant
 21316 | Lair:6   | Got a slimy glass ring
 21317 | Lair:6   | Identified the ring "Sesorph" {rElec rPois Int+4 Dex-5
                  | Slay+5} (You found it on level 6 of the Lair of Beasts)
 21366 | Lair:6   | Noticed a dire elephant
 21385 | Lair:6   | Killed a dire elephant
 21450 | Lair:6   | Noticed a dire elephant
 21464 | Lair:6   | Killed a dire elephant
 21889 | D:9      | Killed Zenonira's ghost
 22602 | D:11     | Received a gift from Okawaru
 23438 | D:12     | Noticed Nergalle
 23451 | D:12     | Killed Nergalle
 24304 | D:12     | Noticed a storm dragon
 24323 | D:12     | Killed a storm dragon
 24323 | D:12     | Reached skill level 12 in Shields
 24507 | Orc:1    | Entered Level 1 of the Orcish Mines
 24613 | Orc:2    | Entered Level 2 of the Orcish Mines
 24630 | Orc:2    | Paralysed by an orc sorcerer for 2 turns
 24637 | Orc:2    | Reached XP level 15. HP: 100/100 MP: 24/24
 24660 | Orc:1    | Found Vulox's Book Shoppe.
 24762 | Orc:1    | Noticed Maurice
 24774 | Orc:1    | Killed Maurice
 25160 | Orc:2    | Found a runed translucent door.
 25164 | Orc:2    | Found the +10 large shield of Ignorance {rN+ Int-4}
 25167 | Orc:2    | Noticed an orc warlord
 25830 | Orc:2    | Found a staircase to the Elven Halls.
 26045 | Orc:2    | Noticed Saint Roka
 26375 | Orc:2    | Found Focaps's Assorted Antiques.
 26396 | Orc:2    | Found Kedeskuz's Book Shop.
 26410 | Orc:2    | Found a runed translucent door.
 26692 | Orc:2    | Reached skill level 10 in Armour
 26835 | Orc:2    | Found Gemir's Armour Boutique.
 26835 | Orc:2    | Found Ynevucuxt's General Store.
 26837 | Orc:2    | Found Mitas's Distillery.
 26837 | Orc:2    | Found Ytobb's Food Shop.
 27168 | Orc:2    | Received a gift from Okawaru
 27171 | Orc:2    | Got an ichor-stained helmet {god gift}
 27172 | Orc:2    | Identified the -5 helmet of Democracy {rC+ Dex+3} (Okawaru
                  | gifted it to you on level 2 of the Orcish Mines)
 27218 | Orc:2    | Bought the +2 hat of the Bear Spirit {Spirit, +Rage rN+
                  | MR++} for 664 gold pieces
 27218 | Orc:2    | Found the +2 hat of the Bear Spirit {Spirit, +Rage rN+
                  | MR++}
 27262 | Orc:2    | Reached skill level 13 in Shields
 27479 | Orc:2    | Found Juost's General Store.
 27740 | Orc:2    | Killed Saint Roka
 27740 | Orc:2    | Reached skill level 15 in Fighting
 29056 | Spider:1 | Reached XP level 16. HP: 106/108 MP: 25/25
 29081 | Spider:1 | Received a gift from Okawaru
 29111 | Spider:1 | Got a transparent cloak {god gift}
 29112 | Spider:1 | Identified the +2 cloak of Calculation {rC- Regen+ Int+4
                  | Dex+5} (Okawaru gifted it to you on level 1 of the Spider
                  | Nest)
 29864 | Spider:1 | Reached skill level 14 in Shields
 31001 | Spider:3 | Received a gift from Okawaru
 31461 | Spider:3 | Reached skill level 15 in Shields
 32166 | Spider:4 | Entered Level 4 of the Spider Nest
 32203 | Spider:4 | Found a runed translucent gate.
 32204 | Spider:4 | Found a runed translucent gate.
 32205 | Spider:4 | Found a runed translucent gate.
 32208 | Spider:4 | Noticed Kuhum's ghost (adept DDFi)
 32262 | Spider:4 | Killed Kuhum's ghost
 32270 | Spider:4 | Got a wavering wooden ring
 32272 | Spider:4 | Identified the ring "Cusch" {Fire SInv} (You found it on
                  | level 4 of the Spider Nest)
 32721 | Spider:4 | Reached ****** piety under Okawaru
 32721 | Spider:4 | Reached XP level 17. HP: 113/113 MP: 26/26
 32814 | Spider:4 | Received a gift from Okawaru
 33187 | Spider:4 | Noticed Arachne
 33203 | Spider:4 | Killed Arachne
 33784 | Spider:4 | Reached skill level 1 in Dodging
 34734 | Spider:4 | Got a gossamer rune of Zot
 35012 | Shoals:1 | Entered Level 1 of the Shoals
 35122 | Shoals:1 | Reached skill level 5 in Dodging
 35149 | Shoals:1 | Received a gift from Okawaru
 35440 | Shoals:1 | Identified Roxanne's Tome of Earth
 35440 | Shoals:1 | Noticed Roxanne
 35542 | Shoals:1 | Killed Roxanne
 36028 | Shoals:1 | Reached skill level 15 in Armour
 36726 | Shoals:2 | Noticed a kraken
 36762 | Shoals:2 | Killed a kraken
 37444 | Shoals:2 | Received a gift from Okawaru
 37733 | Shoals:3 | Reached XP level 18. HP: 119/119 MP: 27/27
 38752 | Shoals:3 | Received a gift from Okawaru
 38781 | Shoals:3 | Identified the +4 cloak of Beauty {Dex+6} (Okawaru gifted
                  | it to you on level 3 of the Shoals)
 39316 | Shoals:4 | Entered Level 4 of the Shoals
 39611 | Shoals:4 | Noticed Louise
 39652 | Shoals:4 | Killed Louise
 39923 | Shoals:4 | Got a shimmering steel ring
 39924 | Shoals:4 | Identified the ring of Yendor {rPois rCorr Str+3 Int+4}
                  | (You found it on level 4 of the Shoals)
 40057 | Shoals:4 | Got a scorched iron amulet
 40058 | Shoals:4 | Identified the amulet "Orof" {Gourm rN+ Dex+5} (You found
                  | it on level 4 of the Shoals)
 40706 | Shoals:4 | Got a barnacled rune of Zot
 41702 | D:13     | Found Taihoirph's Food Shop.
 42021 | D:13     | Received a gift from Okawaru
 42091 | D:13     | Found a gate to the Vaults.
 42857 | D:14     | Reached XP level 19. HP: 85/127 MP: 19/28
 43123 | D:15     | Entered Level 15 of the Dungeon
 44197 | D:15     | Received a gift from Okawaru
 44205 | D:15     | Found a staircase to the Depths.
 44537 | D:15     | Found an opulent altar of Gozag.
 44650 | Vaults:1 | Entered Level 1 of the Vaults
 45872 | Vaults:1 | Found Kyos's General Store.
 45880 | Vaults:1 | Bought a potion of experience for 750 gold pieces
 45880 | Vaults:1 | Reached skill level 10 in Dodging
 45880 | Vaults:1 | Reached XP level 20. HP: 136/136 MP: 29/29
 46237 | Vaults:1 | Received a gift from Okawaru
 46848 | Vaults:2 | Found Munlixt's Book Shoppe.
 46930 | Vaults:2 | Noticed Frederick
 46964 | Vaults:2 | Killed Frederick
 47263 | Vaults:2 | Reached XP level 21. HP: 132/142 MP: 28/30
 48442 | Vaults:3 | Received a gift from Okawaru
 48878 | Vaults:3 | Found a ruined gateway.
 48897 | Desolati | Entered the Desolation of Salt
 49019 | Desolati | Received a gift from Okawaru
 49019 | Desolati | Reached skill level 16 in Shields
 49114 | Desolati | Got a fine platinum ring
 49115 | Desolati | Identified the ring of Zeirow {Str+4 Dex+3} (You found it
                  | in the Desolation of Salt)
 49121 | Desolati | Got an ancient bone ring
 49122 | Desolati | Identified the ring of Hejim {rN+ Int+2 Stlth+} (You found
                  | it in the Desolation of Salt)
 49126 | Desolati | Identified the +9 plate armour of Starshine {MR+ Int+3
                  | Stlth-} (You found it in the Desolation of Salt)
 49240 | Desolati | Identified Liotun's Catalogue of Freezing Summoning
 49247 | Desolati | Got a scintillating turquoise ring
 49248 | Desolati | Identified the ring "Etwimeez" {rN+ EV+2} (You found it in
                  | the Desolation of Salt)
 49842 | Desolati | Received a gift from Okawaru
 49894 | Desolati | Reached XP level 22. HP: 115/152 MP: 32/32
 49972 | Desolati | Identified the +11 quarterstaff "Seipeysi" {freeze, *Contam
                  | +Fly rPois MR++}
 49972 | Desolati | Identified the ring of Foolhardiness {rPois Int+2 SInv}
 50110 | Desolati | Got a smoking iron amulet
 50111 | Desolati | Identified the amulet of the Unkillable {Inacc Str+3 Int-4}
                  | (You found it in the Desolation of Salt)
 51311 | Vaults:3 | Found a staircase to the Crypt.
 51838 | Vaults:3 | Received a gift from Okawaru
 51859 | Vaults:3 | Identified a +2 pair of boots of running (Okawaru gifted it
                  | to you on level 3 of the Vaults)
 52019 | Vaults:3 | Reached skill level 17 in Shields
 52193 | Vaults:3 | Found a runed translucent gate.
 52194 | Vaults:3 | Found a runed translucent gate.
 52195 | Vaults:3 | Found an opulent altar of Gozag.
 52195 | Vaults:3 | Found a runed translucent gate.
 52197 | Vaults:3 | Noticed Syvvoagh's ghost (adept DENe)
 52199 | Vaults:3 | Found Fotar's Assorted Antiques.
 52723 | Vaults:3 | Killed Syvvoagh's ghost
 52791 | Vaults:3 | Bought a distressingly furry helmet for 370 gold pieces
 52791 | Vaults:3 | Identified the cursed -3 helmet of Responsibility {rF++
                  | Str-4 Int+3} (You bought it in a shop on level 3 of the
                  | Vaults)
 53587 | Vaults:4 | Found Roilunie's Magic Scroll Emporium.
 53594 | Vaults:4 | Found Zymi's Assorted Antiques.
 53602 | Vaults:4 | Bought a scroll of summoning for 294 gold pieces
 53685 | Vaults:4 | Reached XP level 23. HP: 144/158 MP: 30/34
 53782 | Vaults:4 | Identified the Catalogue of Flamy Black Rituals
 54290 | Vaults:4 | Found Vimokhlea's Antique Armour Boutique.
 54532 | Vaults:4 | Reached skill level 15 in Invocations
 54588 | Vaults:4 | Received a gift from Okawaru
 54830 | Depths:1 | Entered Level 1 of the Depths
 54991 | Depths:1 | Found a portal to a secret trove of treasure.
 55160 | Depths:1 | Found a one-way gate leading to the halls of Pandemonium.
 55253 | Depths:1 | Found a gateway to Hell.
 55698 | Depths:1 | Found a gateway to a ziggurat.
 55974 | Depths:1 | Found Alunanei's Antique Armour Boutique.
 56078 | Depths:1 | Reached skill level 18 in Shields
 57233 | Orc:2    | Lost intelligence.
 57276 | Orc:2    | Lost intelligence.
 58811 | Orc:2    | Bought a potion of haste for 110 gold pieces
 58811 | Orc:2    | Bought a potion of might for 44 gold pieces
 58811 | Orc:2    | Bought a potion of might for 44 gold pieces
 58914 | Orc:2    | Bought a scroll of holy word for 127 gold pieces
 62216 | Depths:2 | Lost intelligence.
 62539 | Depths:2 | Gained mutation: Your spells are a little easier to cast,
                  | but a little less powerful. [a neqoxec]
 62593 | Depths:2 | Received a gift from Okawaru
 63424 | Depths:2 | Reached XP level 24. HP: 166/166 MP: 35/35
 63521 | Depths:2 | Noticed a caustic shrike
 63552 | Depths:2 | Killed a caustic shrike
 63732 | Depths:2 | Received a gift from Okawaru
 64516 | Depths:3 | Noticed the Enchantress
 64610 | Depths:2 | Killed the Enchantress
 64619 | Depths:3 | Found a shattered altar of Ashenzari.
 64672 | Depths:3 | Found a flickering gateway to a bazaar.
 64678 | Bazaar   | Entered a bazaar
 64678 | Bazaar   | Found Xaoxtute's Book Emporium.
 64678 | Bazaar   | Found Kipsitad's Antique Weapon Emporium.
 64679 | Bazaar   | Found Teacoc's Book Shoppe.
 64679 | Bazaar   | Found Rinurphui's Antique Armour Shoppe.
 65025 | Depths:3 | Identified a scroll of acquirement
 65025 | Depths:3 | Identified the ring of Ceismud {rPois Str+3 Int+6 Dex-4
                  | SInv} (You acquired it on level 3 of the Depths)
 65025 | Depths:3 | Identified the +9 eveningstar "Hunos" {vorpal, Int+3} (You
                  | acquired it on level 3 of the Depths)
 65070 | Depths:3 | Received a gift from Okawaru
 65072 | Depths:3 | Found a one-way gate to the infinite horrors of the Abyss.
 65448 | Depths:3 | Noticed a juggernaut
 65623 | Depths:3 | Found a transporter.
 65744 | Depths:4 | Reached skill level 19 in Shields
 65744 | Depths:4 | Noticed Jory
 65921 | Depths:4 | Noticed a caustic shrike
 65948 | Depths:3 | Killed Jory
 65998 | Depths:3 | Killed a caustic shrike
 65998 | Depths:3 | Reached skill level 15 in Maces & Flails
 66036 | Depths:4 | Noticed Mara
 66068 | Depths:4 | Paralysed by a floating eye for 4 turns
 66069 | Depths:4 | Noticed nuthulu's illusion
 66077 | Depths:3 | Killed Mara
 66120 | Depths:4 | Found a shadowy altar of Dithmenos.
 66121 | Depths:4 | Found a basalt altar of Yredelemnul.
 66121 | Depths:4 | Found a shimmering blue altar of Sif Muna.
 66121 | Depths:4 | Found an iron altar of Okawaru.
 66236 | Depths:4 | Found the +1 cloak of Starlight {rElec rC+ EV+4 Stlth--}
 66570 | Depths:4 | Reached XP level 25. HP: 155/172 MP: 32/35
 66576 | Depths:4 | Received a gift from Okawaru
 66812 | Depths:4 | Noticed Sojobo
 66839 | Depths:4 | Killed Sojobo
 66844 | Depths:4 | Reached skill level 20 in Shields
 67533 | Vaults:5 | Entered Level 5 of the Vaults
 67534 | Vaults:5 | Noticed an ancient lich
 67710 | Vaults:4 | Received a gift from Okawaru
 67724 | Vaults:4 | Identified the +7 morningstar of Kyoh {flame, +Inv MR+
                  | Str-3 Dex+9} (Okawaru gifted it to you on level 4 of the
                  | Vaults)
 67758 | Vaults:4 | Killed an ancient lich
 67758 | Vaults:4 | Reached skill level 21 in Shields
 68279 | Vaults:4 | Received a gift from Okawaru
 68279 | Vaults:4 | Reached skill level 22 in Shields
 68780 | Vaults:5 | Reached XP level 26. HP: 93/179 MP: 22/35
 69026 | Vaults:5 | Identified the cursed ring of Seicreno {+Fly MR- Int+5
                  | Dex-2}
 69043 | Vaults:4 | Reached skill level 23 in Shields
 69400 | Vaults:5 | Got a silver rune of Zot
 69453 | Vaults:5 | Identified the +1 cloak of Conscience {rC+ Dex+4} (You
                  | found it on level 5 of the Vaults)
 69509 | Vaults:5 | Received a gift from Okawaru
 69817 | Vaults:5 | Identified the Disquisition on the Freezing Rocks
 69819 | Vaults:5 | Identified the Almanac of Ensnaring Stolen Souls
 70070 | Vaults:5 | Reached skill level 24 in Shields
 70790 | Depths:5 | Entered Level 5 of the Depths
 71249 | Depths:4 | Received a gift from Okawaru
 71252 | Depths:4 | Identified the +10 flail of Zulor {drain, MP+9 Int+2}
                  | (Okawaru gifted it to you on level 4 of the Depths)
 71265 | Depths:4 | Reached skill level 25 in Shields
 71578 | Depths:5 | Found a gate to the Realm of Zot.
 71697 | Zot:1    | Entered Level 1 of the Realm of Zot
 72070 | Zot:1    | Received a gift from Okawaru
 72223 | Zot:2    | Reached XP level 27. HP: 161/184 MP: 31/35
 73056 | Zot:4    | Noticed an ancient lich
 74343 | Zot:3    | Killed an ancient lich
 74851 | Zot:4    | Found a runed translucent gate.
 74851 | Zot:4    | Found a runed translucent gate.
 74851 | Zot:4    | Found a runed translucent gate.
 74852 | Zot:4    | Found an opulent altar of Gozag.
 74852 | Zot:4    | Found Puociq's Assorted Antiques.
 74853 | Zot:4    | Noticed Utokkay's ghost (master VSFi)
 74941 | Zot:4    | Noticed an orb of fire
 74949 | Zot:4    | Gained mutation: You occasionally shout uncontrollably at
                  | your foes. [an orb of fire]
 75225 | Zot:4    | Gained mutation: Your magical capacity is low. (-10% MP)
                  | [an orb of fire]
 75228 | Zot:4    | Gained mutation: Your magical capacity is very low. (-20%
                  | MP) [an orb of fire]
 75243 | Zot:4    | Gained mutation: Your magical capacity is extremely low.
                  | (-30% MP) [an orb of fire]
 75245 | Zot:4    | Killed an orb of fire
 75245 | Zot:4    | Received a gift from Okawaru
 75245 | Zot:4    | Reached skill level 15 in Dodging
 75279 | Zot:4    | Lost mutation: You occasionally shout uncontrollably at
                  | your foes. [potion of mutation]
 75279 | Zot:4    | Lost mutation: You expend magic power (3 MP) to strengthen
                  | your wands. [potion of mutation]
 75279 | Zot:4    | Gained mutation: You can translocate small distances at
                  | will. [potion of mutation]
 75279 | Zot:4    | Gained mutation: Your flesh is cold resistant. (rC+)
                  | [potion of mutation]
 75279 | Zot:4    | Gained mutation: You are agile. (Dex +2) [potion of
                  | mutation]
 75308 | Zot:5    | Entered Level 5 of the Realm of Zot
 75330 | Zot:5    | Found an ornate altar of the Wu Jian Council.
 76240 | Zot:4    | Found the +8 whip "Snakebite" {curare, rPois}
 76676 | Zot:4    | Received a gift from Okawaru
 77387 | Zot:4    | Noticed an orb of fire
 77388 | Zot:4    | Lost mutation: You can translocate small distances at will.
                  | [an orb of fire]
 77389 | Zot:4    | Gained mutation: You are frail. (-10% HP) [an orb of fire]
 77406 | Zot:4    | Killed an orb of fire
 77408 | Zot:4    | Lost mutation: Your flesh is cold resistant. (rC+) [potion
                  | of mutation]
 77408 | Zot:4    | Lost mutation: Your magical capacity is extremely low.
                  | (-30% MP) [potion of mutation]
 77408 | Zot:4    | Gained mutation: Your flesh is heat resistant. (rF+)
                  | [potion of mutation]
 77409 | Zot:4    | Lost mutation: Your flesh is heat resistant. (rF+) [potion
                  | of mutation]
 77409 | Zot:4    | Lost mutation: You have a somewhat thin skeletal structure.
                  | (Dex +2, Stealth) [potion of mutation]
 77409 | Zot:4    | Lost mutation: You are frail. (-10% HP) [potion of
                  | mutation]
 77409 | Zot:4    | Gained mutation: Your body sometimes deteriorates upon
                  | taking damage. [potion of mutation]
 77409 | Zot:4    | Gained mutation: Your flesh is cold resistant. (rC+)
                  | [potion of mutation]
 77526 | Zot:5    | Noticed an ancient lich
 77550 | Zot:5    | Killed an ancient lich
 77551 | Zot:5    | Noticed an ancient lich
 77566 | Zot:5    | Noticed an orb of fire
 78026 | Zot:5    | Noticed an orb of fire
 78027 | Zot:5    | Gained mutation: You tend to lose your temper in combat.
                  | [an orb of fire]
 78038 | Zot:4    | Killed an orb of fire
 78209 | Zot:4    | Killed an ancient lich
 78471 | Zot:5    | Killed an orb of fire
 78509 | Zot:5    | Received a gift from Okawaru
 78512 | Zot:5    | Identified the +10 demon whip of Fanuf {vamp, Fragile +Rage
                  | rElec} (Okawaru gifted it to you on level 5 of the Realm of
                  | Zot)
 78683 | Zot:5    | Noticed an ancient lich
 78698 | Zot:5    | Killed an ancient lich
 79196 | Zot:5    | Received a gift from Okawaru
 79208 | Zot:5    | Got the Orb of Zot
 79732 | D:11     | Noticed Yntimiaps the pandemonium lord
 80135 | D:$      | Escaped with the Orb!

Levels and vault maps discovered:
D:1:      eino_arrival_druids_welcome, layout_loops_cross,
          minmay_misc_feat_nine_boxes, minmay_pentomino_s2
D:2:      minmay_recursive_quarters, layout_basic,
          lemuel_coloured_pillars_altar, serial_park_tiny_1, uniq_jessica
D:3:      layout_loops_corners, uniq_purgy
D:4:      layout_basic, kennysheep_mini, nicolae_overflow_hidden_temple,
          nicolae_overflow_crystal_walls, uniq_sigmund
D:5:      layout_cave_pools, grunt_temple_overflow_open, first_ration,
          serial_undead, serial_undead_a, serial_undead_c, serial_undead_c,
          serial_undead_a, portal_sewer_entry_e
D:6:      layout_loops_corners, grunt_temple_overflow_magic_moments,
          serial_shops, shop, grunt_qazlal_clouds
D:7:      layout_basic, temple_fountains, vehumet_altar_wand_db
D:8:      layout_rooms, lair_entry_dummy, serial_shops, shop
D:9:      wad_river_or_something, layout_basic, lemuel_crystal_altar,
          lemuel_doored_altar, makhleb_altar_promises_db, ebering_ghost_xom
D:10:     layout_long_grid, erik_orc_4, grunt_livestock
D:11:     nzn_motion_control, layout_basic
D:12:     layout_loops_ring, kennysheep_just_a_vault, uniq_nergalle
D:13:     layout_gridville, david_vaults_5, special_room [special_room_orc],
          serial_shops, shop_coins
D:14:     layout_rooms
D:15:     gammafunk_enter_depths_forms, layout_cave_pods, serial_glass,
          glass_columns_c, glass_columns_c, glass_columns_a, glass_columns_a,
          glass_columns_b, glass_columns_b, minmay_misc_feat_rugged,
          nicolae_gozag_seed_capital
Lair:1:   layout_loops_ring, beast_lair_carwin_8
Lair:2:   beast_lair_carwin_large_2, layout_chaotic_city,
          nicolae_spider_entry_tight_spaces, minmay_stone_trees_medium,
          grunt_megastairs_5, lemuel_fruit_fields, infiniplex_staircase_pool
Lair:3:   layout_gridlike, lemuel_fruit_tree
Lair:4:   layout_cave_pods, minmay_shoals_entry_hut, special_room
          [special_room_bee]
Lair:5:   layout_misc_corridors, slime_altar_1, enter_volcano_3
Lair:6:   due_jungle_book, layout_regular_city
Shoals:1: layout_shoals, uniq_roxanne
Shoals:2: layout_shoals
Shoals:3: layout_shoals
Shoals:4: shoals_end_simple, layout_shoals, nicolae_shoals_cliffside_cave,
          kb_tengu_band, uniq_louise
Spider:1: lemuel_spider_zombies
Spider:2: layout_spider_delve
Spider:3: layout_spider_delve, minmay_another_anthill
Spider:4: spider_rune_water, ebering_ghost_rock_garden,
          nicolae_spider_cling_ruins, uniq_arachne
Orc:1:    layout_caves, serial_shops, nicolae_shop_statue_plus, uniq_maurice
Orc:2:    st_orc_ogre_mass, layout_caves, serial_shops, shop, shop,
          nicolae_shop_waterfront, chequers_guarded_unrand_ignorance,
          uniq_saint_roka
Vaults:1: ontoclasm_vaults_idyll, hangedman_vaults_river_flow, v_misc_19,
          v_misc_1, hangedman_vaults_slice, vaults_room_grunt_arrival_ludios,
          ontoclasm_vaults_shout, vaults_room_stairs_pillars, vaults_dpeg_hooks,
          layout_vaults_omnigrid, serial_shops, shop_statue
Vaults:2: nicolae_vaults_puzzle_piece, hangedman_vaults_cutoff,
          ontoclasm_vaults_claustrophobia, nicolae_vaults_little_squares_2,
          nicolae_vaults_alarming, v_alt_pattern_2,
          hangedman_vaults_corner_blocks, v_misc_17, grunt_vaults_diagonal,
          vaults_room_boxed, hangedman_vaults_stagger, v_misc_22,
          ontoclasm_vaults_bender, layout_vaults_maze_snakey, serial_shops,
          shop, uniq_frederick
Vaults:3: ebering_vaults_ghost_gozag, nicolae_vaults_c_with_doors,
          vaults_dpeg_spiral, v_misc_1, ontoclasm_vaults_loading_screen,
          nicolae_vaults_sealed_display, hangedman_vaults_snaps, v_misc_27,
          grunt_vaults_trifunnel, nicolae_vaults_network_quincunx
          [nicolae_vaults_network_quincunx_subvault,
          nicolae_vaults_network_quincunx_subvault,
          nicolae_vaults_network_quincunx_subvault,
          nicolae_vaults_network_quincunx_subvault,
          nicolae_vaults_network_quincunx_subvault], vaults_room_semicircle,
          vaults_room_stairs_pillars, layout_vaults_omnibox,
          blue_anna_dwarven_crypt, portal_desolation_entry_nicolae_slug
Vaults:4: v_alt_pattern_6, vaults_room_pool, v_misc_12, vaults_room_glass_cross,
          v_misc_17, v_misc_27, hangedman_vaults_stitches,
          nicolae_vaults_border_crossing, ontoclasm_vaults_pinch,
          nicolae_vaults_windows_and_doors_thing,
          nicolae_vaults_little_squares_6, layout_vaults_omnicross,
          serial_shops, shop, nicolae_shop_statue_plus, shop
Vaults:5
Depths:1: layout_honeycomb, enter_ziggurat_e, grunt_pan_entry_zigzag,
          hell_entry, nicolae_trove_entry_free_sample, serial_shops, shop_coins,
          dk_noncrumbling_4, minmay_checkered_concentric_circles, firewood_loft
Depths:2: evilmike_lava_path, layout_basic, rand_demon_pan_entry_7, hell_entry,
          chequers_jeans, infiniplex_staircase_diamond
Depths:3: emtedronai_trogs_sanctum, layout_cave_pools, grunt_pan_entry_spiral,
          serial_shops, bzr_entry_safe, abyss_entry, hell_entry,
          lemuel_round_altar, nrook_mini_vaults, uniq_enchantress
Depths:4: minmay_the_grid_octo_tiled_octocenter_mashed
          [minmay_the_grid_octo_shrine, minmay_the_grid_octo_empty,
          minmay_the_grid_octo_toaster, minmay_the_grid_octo_odd_swirl,
          minmay_the_grid_octo_prize_ultimate_mussel_roller,
          minmay_the_grid_square_5x5_dogpile, minmay_the_grid_square_5x5_corner,
          minmay_the_grid_square_5x5_spiral_small,
          minmay_the_grid_square_5x5_three_small], layout_gridville,
          chequers_serial_rivers_room_b, nicolae_abyss_entry_one_way_or_another,
          hell_entry, infiniplex_staircase_squiggle, uniq_sojobo, uniq_mara,
          uniq_jory
Depths:5: grunt_zot_entry_hairpin, layout_cave_pools, pf_dread_powers_of_hell,
          abyss_entry, pan_entry, serial_sigils_hangedman_confine, drop_trap,
          lemuel_old_faithful
Zot:1:    layout_cathedral_of_symmetry, grunt_ministairs_1
Zot:2:    layout_basic, lemuel_golem_globe, grunt_megastairs_3
Zot:3:    layout_concentric_octagons, grunt_megastairs_1
Zot:4:    layout_concentric_octagons, ebering_ghost_gozag,
          st_small_dragon_hoard_3, hangedman_player_shredder
Zot:5:    layout_basic, basic_altar

Skill      XL: |  1  2  3  4  5  6  7  8  9 10 11 12 13 14 15 16 17 18 19 20 21 22 23 24 25 26 27 |
---------------+----------------------------------------------------------------------------------+-----
Shields        | 4 5 6 7 9 11 12 13 15 16 17 18 19 22 25 | 25.0
Maces & Flails | 3 4 5 6 8 9 11 12 13 14 15 16 | 16.0
Fighting       | 6 9 10 12 14 15 16 17 18 19 20 21 24 | 24.3
Invocations    | 5 8 10 12 13 14 16 | 16.4
Armour         | 5 9 11 13 15 17 18 20 21 22 | 22.0
Dodging        | 7 9 10 11 17 | 17.8

Action                   |  1- 3 |  4- 6 |  7- 9 | 10-12 | 13-15 | 16-18 | 19-21 | 22-24 | 25-27 || total
-------------------------+-------+-------+-------+-------+-------+-------+-------+-------+-------++-------
Melee: Flail             |   128 |   338 |   652 |   785 |  1458 |  2487 |  1676 |  2290 |       ||  9814
       Eveningstar       |       |       |       |       |       |       |       |   320 |  2368 ||  2688
       Unarmed           |       |       |       |       |       |       |       |       |    15 ||    15
Invok: Heroism           |       |       |     1 |    10 |    10 |     9 |     5 |     6 |    11 ||    52
       Finesse           |       |       |       |     4 |     9 |     4 |     4 |     5 |    11 ||    37
 Abil: Fly               |       |       |       |       |     1 |       |       |       |       ||     1
       Stop Flying       |       |       |       |       |       |       |       |       |     1 ||     1
Evoke: Wand              |       |       |       |       |     1 |     1 |       |       |       ||     2
  Use: Scroll            |     2 |     5 |     8 |    14 |    17 |    14 |     8 |    11 |    16 ||    95
       Potion            |       |     1 |     1 |     2 |     6 |     4 |     2 |     2 |    18 ||    36
 Stab: Invisible         |       |       |       |       |     4 |       |       |       |     7 ||    11
       Confused          |       |       |       |       |       |     1 |       |       |       ||     1
  Eat: Chunk             |       |     9 |    17 |    15 |    20 |    23 |    17 |    33 |     6 ||   140
       Ration            |       |       |     2 |     3 |     7 |    10 |       |    10 |    11 ||    43
Armor: Scale mail        |    71 |   227 |     8 |       |       |       |       |       |       ||   306
       Plate armour      |       |       |   386 |   399 |   755 |  1621 |   480 |   842 |   450 ||  4933
       Skin              |       |       |       |     4 |       |       |       |       |       ||     4
       Gold dragon scale |       |       |       |       |       |       |       |       |   352 ||   352
Dodge: Dodged            |    45 |   134 |   102 |   140 |   403 |  1036 |   664 |  1021 |   905 ||  4450
Block: Shield            |    92 |   217 |   377 |   511 |   925 |   381 |       |       |       ||  2503
       Large shield      |       |       |       |       |       |  2901 |  2033 |  3399 |  3188 || 11521

Table legend:
 A = Non-vault XP
 B = Vault XP
 C = Vault XP percentage of total XP
 D = Non-vault monster count
 E = Vault monster count
 F = Vault count percentage of total count
                 A         B        C        D         E       F
            +---------+---------+-------+---------+---------+-------
      Total |  785658 |  725894 |  48.0 |    1502 |     825 |  35.5
            +---------+---------+-------+---------+---------+-------
        D:1 |      47 |       2 |   4.1 |      25 |       1 |   3.8
        D:2 |      61 |      98 |  61.6 |      30 |      12 |  28.6
        D:3 |     179 |     136 |  43.2 |      35 |       1 |   2.8
        D:4 |     310 |     231 |  42.7 |      11 |       1 |   8.3
        D:5 |     519 |     318 |  38.0 |      19 |      21 |  52.5
        D:6 |    1678 |       0 |   0.0 |      40 |       0 |   0.0
        D:7 |    2284 |       2 |   0.1 |      35 |       1 |   2.8
        D:8 |     926 |       0 |   0.0 |      22 |       0 |   0.0
        D:9 |     965 |    2007 |  67.5 |      20 |       8 |  28.6
       D:10 |    1331 |    1478 |  52.6 |      26 |      21 |  44.7
       D:11 |    4159 |    1433 |  25.6 |      23 |       2 |   8.0
       D:12 |    8517 |    2695 |  24.0 |      41 |       2 |   4.7
       D:13 |    4530 |    3214 |  41.5 |      24 |      22 |  47.8
       D:14 |   13702 |       0 |   0.0 |      43 |       0 |   0.0
       D:15 |   18093 |    4651 |  20.4 |      43 |       9 |  17.3
     Lair:1 |    4405 |     941 |  17.6 |      14 |       6 |  30.0
     Lair:2 |   13232 |    3749 |  22.1 |      46 |      15 |  24.6
     Lair:3 |    8441 |       0 |   0.0 |      32 |       0 |   0.0
     Lair:4 |    5224 |    2767 |  34.6 |      19 |      26 |  57.8
     Lair:5 |     684 |     287 |  29.6 |       4 |       2 |  33.3
     Lair:6 |   24044 |    2844 |  10.6 |      51 |       5 |   8.9
   Shoals:1 |   12559 |    1978 |  13.6 |      28 |       1 |   3.4
   Shoals:2 |   15534 |       0 |   0.0 |      32 |       0 |   0.0
   Shoals:3 |   22902 |    2178 |   8.7 |      45 |       3 |   6.2
   Shoals:4 |    7640 |   17784 |  69.9 |      18 |      30 |  62.5
   Spider:1 |   11392 |       0 |   0.0 |      28 |       0 |   0.0
   Spider:2 |   19108 |       0 |   0.0 |      50 |       0 |   0.0
   Spider:3 |   15505 |    7962 |  33.9 |      42 |      34 |  44.7
   Spider:4 |    8212 |   25292 |  75.5 |      25 |      31 |  55.4
      Orc:1 |    2527 |     439 |  14.8 |      26 |       1 |   3.7
      Orc:2 |    4126 |   28303 |  87.3 |      40 |      53 |  57.0
   Vaults:1 |   23623 |   22591 |  48.9 |      36 |      33 |  47.8
   Vaults:2 |   37169 |   16540 |  30.8 |      73 |      20 |  21.5
   Vaults:3 |   44154 |   47143 |  51.6 |      58 |      56 |  49.1
   Vaults:4 |   38380 |   78564 |  67.2 |      56 |      82 |  59.4
   Vaults:5 |   34397 |   91698 |  72.7 |      50 |      61 |  55.0
   Depths:1 |   49880 |   10093 |  16.8 |      58 |      19 |  24.7
   Depths:2 |   43844 |   34871 |  44.3 |      55 |      32 |  36.8
   Depths:3 |   15231 |   38336 |  71.6 |      21 |      24 |  53.3
   Depths:4 |   68759 |   31069 |  31.1 |      45 |      19 |  29.7
   Depths:5 |   15085 |   20406 |  57.5 |      14 |      15 |  51.7
      Zot:1 |    7539 |    4950 |  39.6 |       5 |       2 |  28.6
      Zot:2 |   11754 |    8217 |  41.1 |       8 |       5 |  38.5
      Zot:3 |   61254 |   24413 |  28.5 |      34 |       9 |  20.9
      Zot:4 |   66481 |   56508 |  45.9 |      33 |      19 |  36.5
      Zot:5 |   35272 |   77857 |  68.8 |      19 |      20 |  51.3
 Desolation |       0 |   51849 | 100.0 |       0 |     101 | 100.0
            +---------+---------+-------+---------+---------+-------
